 Dungeon Crawl Stone Soup version 0.22-a0-266-g5fdf0d7 (webtiles) character file.

1397 nono the Changer (level 8, -3/37 HPs)
             Began as a Vine Stalker Transmuter on Mar 8, 2018.
             Was a Follower of Cheibriados.
             Shot with an arrow by a centaur (17 damage)
             ... on level 7 of the Dungeon on Mar 9, 2018.
             The game lasted 00:20:22 (2921 turns).

nono the Changer (Vine Stalker Transmuter)          Turns: 2921, Time: 00:20:22

Health: -3/37      AC:  2    Str: 15    XL:     8   Next: 69%
Magic:  0/14       EV: 25    Int: 17    God:    Cheibriados [*.....]
Gold:   222        SH:  0    Dex: 27    Spells: 4/14 levels left

rFire    . . .     SeeInvis .     - Unarmed
rCold    . . .     Gourm    .   (shield currently unavailable)
rNeg     . . .     Faith    .   (armour currently unavailable)
rPois    x         Spirit   +   (helmet currently unavailable)
rElec    .         Reflect  .   (cloak currently unavailable)
rCorr    .         Harm     .   (gloves currently unavailable)
MR       +....                  (boots currently unavailable)
Stlth    ++........             (no amulet)
HPRegen  0.52/turn              b - +5 ring of dexterity
MPRegen  0.14/turn              (no ring)

@: spider-form, very slightly contaminated, very slow
A: tiny, regeneration 1, magic shield, no potion heal 3, rot immunity
a: End Transformation, Bend Time, Renounce Religion


You were on level 7 of the Dungeon.
You worshipped Cheibriados.
Cheibriados was aware of your devotion.
You were hungry.
You were a venomous arachnid creature.
You visited 2 branches of the dungeon, and saw 8 of its levels.

You collected 222 gold pieces.

Inventory:

Missiles
 a - 55 arrows
Armour
 h - a +1 robe of positive energy (melded)
 n - a +0 pair of gloves (melded)
Jewellery
 b - a +5 ring of dexterity (left front leg)
Wands
 e - a wand of digging (7)
 x - a wand of disintegration (18)
 A - a wand of polymorph (20)
 B - a wand of clouds (2)
Scrolls
 c - a scroll of remove curse
 g - a scroll of enchant weapon
 i - 2 scrolls of teleportation
 j - a scroll of immolation
 k - 4 scrolls of fog
 m - 2 scrolls of magic mapping
 o - 3 scrolls of enchant armour {unknown}
 q - 2 scrolls of fear {unknown}
 t - a scroll of random uselessness {unknown}
 v - 2 scrolls of amnesia {unknown}
 w - a scroll of vulnerability {unknown}
 y - 2 scrolls of identify
Potions
 l - a potion of curing
 p - 2 potions of heal wounds
 r - a potion of brilliance {unknown}
 s - a potion of cancellation {unknown}
 u - a potion of haste {unknown}
 z - a potion of lignification {unknown}
Comestibles
 d - 6 rations
 f - 3 chunks of flesh


   Skills:
 - Level 0.8 Fighting
 + Level 4.8 Dodging
 + Level 6.2 Unarmed Combat
 - Level 3.5 Spellcasting
 + Level 6.4 Transmutations


You had 4 spell levels left.
You knew the following spells:

 Your Spells              Type           Power        Failure   Level  Hunger
a - Beastly Appendage     Tmut           ####..       5%          1    None
b - Sticks to Snakes      Tmut           ####....     8%          2    ##.....
c - Spider Form           Tmut/Pois      ##........   30%         3    ###....
d - Ice Form              Ice/Tmut       ##......     63%         4    ####...


Dungeon Overview and Level Annotations

Branches:
Dungeon (7/15)             Temple (1/1) D:6

Altars:
Ashenzari
Cheibriados
Dithmenos
Elyvilon
Gozag
Kikubaaqudgha
Qazlal
Uskayaw
Vehumet
Yredelemnul
The Shining One

Annotations:
D:4 Spoonicorn's ghost, amateur OgBe
D:6 Menkaure


Innate Abilities, Weirdness & Mutations

((You have razor-sharp teeth.))
Your natural rate of healing is unusually fast.
When hurt, damage is shared between your health and your magic reserves.
((Your bite disrupts and absorbs the magic of your enemies.))
Potions cannot restore your health.
You are immune to rotting.


Message History

You are very lightly contaminated with residual magic.
Nothing appears to happen.
The centaur shoots an arrow.
The arrow barely misses you.
The arrow hits the orc.
Unknown command.
Casting: Spider Form (safe; 13% risk of failure)
Confirm with . or Enter, or press ? or * to list all spells.
You turn into a venomous arachnid creature.
Your +0 pair of gloves melds into your body.
Your +1 robe of positive energy melds into your body.
You feel less protected from negative energy.
The centaur shoots an arrow.
The arrow closely misses you.
The arrow closely misses the orc.
The orc completely misses you.
You bite the orc!
You kill the orc!
Cheibriados appreciates the change of pace.
The centaur shoots an arrow.
The arrow barely misses you.
The centaur shoots an arrow.
The arrow hits you!
Unknown command.
The centaur shoots an arrow.
The arrow hits you!
You die...

#........
#....... #......
#...._ #....#
#....#
#..))#####
###..)(....#
#.....s....#
#..........#
#.........##
#.........####
#............#
#.....c......#
#............#
#...............
#...............


You could see a centaur.

Vanquished Creatures
  Edmund (D:6)
  An ice beast (D:6)
  A sky beast (D:5)
  A phantom (D:6)
  An ogre (D:5)
  Blork the orc (D:6)
  A gnoll sergeant (D:5)
  A howler monkey (D:7)
  A crimson imp (D:5)
  3 hounds
  2 bullfrog skeletons
  3 orc priests
  A centaur skeleton (D:6)
  4 orc wizards
  Jessica (D:2)
  An iguana (D:5)
  A worker ant (D:6)
  A hound zombie (D:6)
  6 adders
  3 gnolls (D:5)
  An ooze (D:1)
  An adder zombie (D:5)
  2 adder skeletons
  2 worms
  3 dart slugs
  3 leopard geckos
  25 orcs
  3 goblins (D:3)
  3 hobgoblins
  13 jackals
  4 kobolds
  A ball python (D:4)
  5 bats (D:3)
  8 frilled lizards
  A quokka skeleton (D:6)
  4 rats
114 creatures vanquished.

Vanquished Creatures (collateral kills)
  A dart slug (D:2)
1 creature vanquished.

Vanquished Creatures (others)
  A bullfrog (D:7)
1 creature vanquished.

Grand Total: 116 creatures vanquished

Notes
Turn   | Place    | Note
-------+----------+-------------------------------------------
     0 | D:1      | nono the Vine Stalker Transmuter began the quest for the Orb.
     0 | D:1      | Reached XP level 1. HP: 9/9 MP: 4/4
    63 | D:1      | Reached XP level 2. HP: 12/14 MP: 4/6
    67 | D:1      | Learned a level 2 spell: Sticks to Snakes
   127 | D:2      | Noticed Jessica
   135 | D:2      | Killed Jessica
   135 | D:2      | Reached XP level 3. HP: 12/17 MP: 2/8
   149 | D:2      | Learned a level 3 spell: Spider Form
   493 | D:2      | Gained mutation: Your natural rate of healing is unusually fast. [Vine Stalker growth]
   493 | D:2      | Reached XP level 4. HP: 12/21 MP: 6/10
   602 | D:3      | Found a hide-covered altar of Uskayaw.
   609 | D:3      | Noticed a hand axe
   611 | D:3      | Noticed a hand axe
   949 | D:3      | Reached XP level 5. HP: 12/25 MP: 2/11
  1138 | D:4      | Learned a level 4 spell: Ice Form
  1272 | D:4      | Reached XP level 6. HP: 29/29 MP: 4/12
  1315 | D:4      | Noticed Spoonicorn's ghost (amateur OgBe)
  1443 | D:5      | Entered Level 5 of the Dungeon
  1543 | D:6      | Noticed Blork the orc
  1697 | D:5      | Reached XP level 7. HP: 32/32 MP: 5/13
  1769 | D:6      | Reached skill level 5 in Transmutations
  1923 | D:5      | Found a white marble altar of Elyvilon.
  1928 | D:5      | Found a stormy altar of Qazlal.
  2017 | D:5      | Reached skill level 5 in Unarmed Combat
  2280 | D:6      | Found a staircase to the Ecumenical Temple.
  2289 | Temple   | Entered the Ecumenical Temple
  2317 | Temple   | Became a worshipper of Cheibriados the Contemplative
  2362 | D:6      | Noticed Edmund
  2372 | D:6      | Killed Edmund
  2372 | D:6      | Gained mutation: You have razor-sharp teeth. [Vine Stalker growth]
  2372 | D:6      | Reached XP level 8. HP: 31/37 MP: 5/14
  2667 | D:6      | Killed Blork the orc
  2726 | D:6      | Noticed Menkaure
  2741 | D:7      | Reached * piety under Cheibriados
  2902 | D:7      | Found a glowing golden altar of the Shining One.
  2921 | D:7      | Shot with an arrow by a centaur

Vault maps used:
D:1:      saegor_arrival_simple_b
D:2:      minmay_lizard_king, uniq_jessica, uniq_crazy_yiuf_cottage
D:3:      dancing_weapons_uskayaw
D:4:      gammafunk_temple_overflow_wave, serial_shops, shop
D:5:      grunt_temple_overflow_open, first_ration
D:6:      temple_hall, uniq_edmund, uniq_menkaure, uniq_blork_the_orc
D:7:      overflow_temple_1_default
Temple:   nicolae_temple_elliptical

Skill      XL: |  1  2  3  4  5  6  7  8 |
---------------+-------------------------+-----
Spellcasting   | 3 |  3.5
Transmutations | 3 4 5 6 |  6.4
Dodging        | 2 3 4 |  4.8
Unarmed Combat | 4 5 6 |  6.2
Fighting       | |  0.8

Action                   |  1- 3 |  4- 6 |  7- 9 || total
-------------------------+-------+-------+-------++-------
Melee: Unarmed           |    46 |   151 |   176 ||   373
       Headbutt          |     4 |       |       ||     4
       Bite              |    12 |    12 |     4 ||    28
       Kick              |     2 |       |     2 ||     4
       Punch             |       |       |     2 ||     2
 Cast: Beastly Appendage |     8 |     2 |     1 ||    11
       Sticks to Snakes  |     1 |       |       ||     1
       Spider Form       |     2 |    18 |    24 ||    44
 Abil: End Transformatio |     1 |       |       ||     1
  Use: Potion            |     1 |     1 |     1 ||     3
       Scroll            |       |     7 |       ||     7
 Stab: Sleeping          |       |     1 |     2 ||     3
  Eat: Chunk             |       |     5 |     7 ||    12
Armor: Robe              |     5 |    14 |     6 ||    25
       Skin              |       |     4 |     6 ||    10
Dodge: Dodged            |    22 |   157 |   161 ||   340

Table legend:
 A = Spawn XP
 B = Non-spawn XP
 C = Spawn XP percentage of total XP
 D = Spawn monster count
 E = Non-spawn monster count
 F = Spawn count percentage of total count
 G = Total turns spent on level
                    A         B        C        D         E        F      G
               +---------+---------+-------+---------+---------+-------+---------
         Total |       0 |    1996 |   0.0 |       0 |     116 |   0.0 |  2921
               +---------+---------+-------+---------+---------+-------+---------
           D:1 |       0 |      22 |   0.0 |       0 |       7 |   0.0 |   121
           D:2 |       0 |      70 |   0.0 |       0 |      16 |   0.0 |   470
           D:3 |       0 |     159 |   0.0 |       0 |      28 |   0.0 |   513
           D:4 |       0 |     107 |   0.0 |       0 |      11 |   0.0 |   343
           D:5 |       0 |     629 |   0.0 |       0 |      21 |   0.0 |   732
           D:6 |       0 |     811 |   0.0 |       0 |      21 |   0.0 |   506
           D:7 |       0 |     198 |   0.0 |       0 |      12 |   0.0 |   189
               +---------+---------+-------+---------+---------+-------+---------
